 Dungeon Sprint DCSS version 0.19.3-4-gbf9329e (webtiles) character file.

553 Kagutsuchi the Fighter (level 7, -5/69 (72) HPs)
             Began as a Mottled Draconian Berserker on Jan 28, 2017.
             Was a Believer of Trog.
             Slain by a tyrant leech (31 damage)
             ... in the Dungeon (Sprint II: "The Violet Keep of Menkaure").
             The game lasted 00:00:30 (165 turns).

Kagutsuchi the Fighter (Mottled Draconian Berserker) Turns: 165, Time: 00:00:31

HP:   -5/69 (72)    AC:  6    Str: 19    XL:     7   Next: 8%
MP:   7/7           EV: 16    Int:  8    God:    Trog [**....]
Gold: 243           SH:  0    Dex: 12    Spells: 0 memorised, 6 levels left

rFire  . . .     SeeInvis .     a - +0 falchion
rCold  . . .     Gourm    .     (armour unavailable)
rNeg   . . .     Faith    .     (no shield)
rPois  .         Spirit   .     (helmet restricted)
rElec  .         Reflect  .     (no cloak)
rCorr  .         Harm     .     (no gloves)
MR     .....     NoTele   +     (no boots)
Stlth  +.........               (no amulet)
                                (no ring)
                                (no ring)

@: exhausted, slowed, very slow
A: breathe sticky flame splash, unfitting armour, cold-blooded, AC +6
a: Breathe Sticky Flame, Berserk, Trog's Hand, Burn Spellbooks, Renounce
Religion


You were in the Dungeon.
You worshipped Trog.
Trog was pleased with you.
You were not hungry.

You visited 1 branch You collected 243 gold pieces.

Inventory:

Hand Weapons
 a - a +0 falchion (weapon)
Scrolls
 h - a scroll of blinking
Potions
 c - a potion of curing
 d - a potion of heal wounds
 e - a potion of haste
 f - 2 potions of magic
 g - a potion of berserk rage
Comestibles
 b - a bread ration


   Skills:
 + Level 10.3 Fighting
 + Level 9.6 Long Blades
 + Level 8.2 Dodging


You had 6 spell levels left.
You didn't know any spells.

Dungeon Overview and Level Annotations

Branches:
Dungeon (1/1)

Altars:


Innate Abilities, Weirdness & Mutations

You can spit globs of burning liquid.
You can ignite nearby creatures when you spit burning liquid.
Your weird mottled scales are hard. (AC +6)
You cannot fit into any form of body armour.
You are cold-blooded and may be slowed by cold attacks.


Message History

The tyrant leech is heavily wounded.
The tyrant leech bites you!
The tyrant leech draws strength from your injuries!
You closely miss the tyrant leech.
The tyrant leech is heavily wounded.
The tyrant leech barely misses you.
You closely miss the tyrant leech.
Your tail-slap misses the tyrant leech.
The tyrant leech is heavily wounded.
The tyrant leech barely misses you.
You hit the tyrant leech but do no damage.
You tail-slap the tyrant leech.
The tyrant leech is heavily wounded.
The tyrant leech completely misses you.
You closely miss the tyrant leech.
The tyrant leech is heavily wounded.
The tyrant leech misses you.
You barely miss the tyrant leech.
The tyrant leech is heavily wounded.
The tyrant leech bites you!!
You die...

## ## ##.
.## #..
..# ##
#w#$#
##.###@#
#..†##.##
#†'.<.+
#...##.##
##.###+#
##


You could see a tyrant leech.

Vanquished Creatures
  A tyrant leech (D)
  4 necrophages (D)
5 creatures vanquished.

Vanquished Creatures (others)
  Menkaure (D)
  A crocodile (D)
2 creatures vanquished.

Grand Total: 7 creatures vanquished

Notes
Turn   | Place    | Note
-------+----------+-------------------------------------------
     0 | D        | Kagutsuchi the Draconian Berserker began the quest for the Orb.
     0 | D        | Reached XP level 1. HP: 19/19 MP: 1/1
     1 | D        | Noticed a necrophage
     1 | D        | Noticed a necrophage
     1 | D        | Noticed a necrophage
     1 | D        | Noticed a necrophage
     7 | D        | Killed a necrophage
     7 | D        | Reached skill level 6 in Fighting
     7 | D        | Reached skill level 5 in Long Blades
     7 | D        | Reached skill level 5 in Dodging
     7 | D        | Reached XP level 2. HP: 28/29 MP: 2/2
     7 | D        | Reached XP level 3. HP: 35/36 MP: 3/3
     7 | D        | Reached XP level 4. HP: 42/43 MP: 4/4
    11 | D        | Killed a necrophage
    11 | D        | Reached skill level 7 in Fighting
    11 | D        | Reached XP level 5. HP: 50/51 MP: 5/5
    15 | D        | Killed a necrophage
    15 | D        | Reached ** piety under Trog
    15 | D        | Reached skill level 8 in Fighting
    19 | D        | Killed a necrophage
    19 | D        | Reached skill level 9 in Fighting
    19 | D        | Reached XP level 6. HP: 34/60 MP: 6/6
    66 | D        | Killed Menkaure
   139 | D        | Noticed a tyrant leech
   139 | D        | Noticed a tyrant leech
   152 | D        | Killed a tyrant leech
   152 | D        | Reached skill level 10 in Fighting
   152 | D        | Your scales start taking on a weird mottled colour.
   152 | D        | Reached XP level 7. HP: 69/69 MP: 7/7
   165 | D        | Slain by a tyrant leech

Skill      XL: |  1  2  3  4  5  6 |
---------------+-------------------+-----
Fighting       | 6 7 9 10 | 10.3
Long Blades    | 5 6 8 9 |  9.6
Dodging        | 5 6 7 8 |  8.2

Action                   |  1- 3 |  4- 6 |  7- 9 || total
-------------------------+-------+-------+-------++-------
Melee: Falchion          |     5 |    22 |    12 ||    39
       Tailslap          |     1 |     4 |     1 ||     6
Invok: Berserk           |     1 |     1 |       ||     2
Armor: Skin              |       |     2 |     1 ||     3
Dodge: Dodged            |     1 |    11 |     5 ||    17
       Rpst.: Falchion   |       |     4 |     1 ||     5
